 Dungeon Crawl Stone Soup version 0.22-a0-469-gf26638a (webtiles) character file.

5 Tallim the Vexing (level 1, -1/14 HPs)
             Began as a Vampire Arcane Marksman on June 13, 2018.
             Slain by a kobold (3 damage)
             ... on level 1 of the Dungeon.
             The game lasted 00:02:57 (94 turns).

Tallim the Vexing (Vampire Arcane Marksman)           Turns: 94, Time: 00:02:58

Health: -1/14      AC:  2    Str:  9    XL:     1   Next: 66%
Magic:  2/2        EV: 12    Int: 15    God:
Gold:   0          SH:  0    Dex: 14    Spells: 1/2 levels left

rFire    . . .     SeeInvis +   a - +0 hand crossbow
rCold    . . .     Gourm    .   (no shield)
rNeg     + . .     Faith    .   f - +0 robe
rPois    .         Spirit   .   (no helmet)
rElec    .         Reflect  .   (no cloak)
rCorr    .         Harm     .   (no gloves)
MR       .....                  (no boots)
Stlth    +.........             (no amulet)
HPRegen  0.04/turn              (no ring)
MPRegen  0.08/turn              (no ring)

@: no status effects
A: fangs 3, see invisible, unbreathing
a: no special abilities


You were on level 1 of the Dungeon.
You were not thirsty.

You visited 1 branch of the dungeon, and saw 1 of its levels.

Inventory:

Hand Weapons
 a - a +0 hand crossbow (weapon)
Missiles
 d - 15 bolts (quivered)
Armour
 f - a +0 robe (worn)
Scrolls
 b - a scroll of identify {unknown}
Potions
 e - a potion of blood


   Skills:
 + Level 0.8 Fighting
 + Level 1.5 Crossbows
 + Level 2.1 Dodging
 + Level 1.0 Spellcasting
 + Level 5.0 Hexes


You had one spell level left.
You knew the following spells:

 Your Spells              Type           Power        Failure   Level  Hunger
a - Corona                Hex            ###....      3%          1    ##.....

Your spell library contained the following spells:

 Spells                   Type           Power        Failure   Level  Hunger
 Cause Fear               Hex            ###.......   30%         4    #####..
 Slow                     Hex            ###.....     4%          2    ###....
 Portal Projectile        Hex/Tloc       #.....       26%         3    ####...
 Leda's Liquefaction      Hex/Erth       #.........   65%         4    #####..
 Inner Flame              Hex/Fire       #.......     26%         3    ####...


Dungeon Overview and Level Annotations

Branches:
Dungeon (1/15)

Altars:


Innate Abilities, Weirdness & Mutations

You have razor-sharp teeth.
You have supernaturally acute eyesight. (SInv)
You can survive without breathing.


Message History

Press: ? - help, Shift-Dir - straight line, f - kobold
Aim: a kobold You shoot a bolt.
The bolt hits the kobold but does no damage.
Firing (i - inventory)
d - 17 bolts (quivered)
Press: ? - help, Shift-Dir - straight line, f/p - kobold
Aim: a kobold You shoot a bolt.
The bolt closely misses the kobold.
The kobold closely misses you.
Firing (i - inventory)
d - 16 bolts (quivered)
Press: ? - help, Shift-Dir - straight line, f/p - kobold
Aim: a kobold You shoot a bolt.
The bolt closely misses the kobold.
The kobold hits you.
* * * LOW HITPOINT WARNING * * *
Really attack while wielding your +0 hand crossbow?
You clumsily bash the kobold but do no damage.
The kobold misses you. The kobold hits you.
* * * LOW HITPOINT WARNING * * *
The kobold hits you.
You die...

.........>...#########♣<♣#
..........†..........#8.8#
####...##..########.##'##
##...........#####....#
#.......†...###....####
#...........###.####
#.....##......#.#
#.....##...##.#.#
#>....##@..##.#.#
#.....##.K.##.#.#
#.....###..##.#.########
#.....# #.........((...(
#.....# #.#.#.###.#(###.
#.............# .#
#####.#... .. .........##
#####.###.#


You could see a kobold.

Vanquished Creatures
  A dart slug (D:1)
  A hobgoblin (D:1)
  A bat (D:1)
  A kobold (D:1)
4 creatures vanquished.

Notes
Turn   | Place    | Note
-------+----------+-------------------------------------------
     0 | D:1      | Tallim the Vampire Arcane Marksman began the quest for the Orb.
     0 | D:1      | Reached XP level 1. HP: 14/14 MP: 2/2
    78 | D:1      | Reached skill level 5 in Hexes
    94 | D:1      | Slain by a kobold

Vault maps used:
D:1:      saegor_arrival_simple_b

Skill      XL: |  1 |
---------------+----+-----
Hexes          | 5 |  5.0
Fighting       | |  0.8
Crossbows      | |  1.5
Dodging        | |  2.1
Spellcasting   | |  1.0

Action                   || total
-------------------------++-------
Melee: Unarmed           ||    11
       Hand crossbow     ||     1
 Fire: Hand crossbow     ||    11
Armor: Robe              ||     7
Dodge: Dodged            ||    19

Table legend:
 A = Spawn XP
 B = Non-spawn XP
 C = Spawn XP percentage of total XP
 D = Spawn monster count
 E = Non-spawn monster count
 F = Spawn count percentage of total count
 G = Total turns spent on level
                    A         B        C        D         E        F      G
               +---------+---------+-------+---------+---------+-------+---------
         Total |       0 |       8 |   0.0 |       0 |       4 |   0.0 |    94
               +---------+---------+-------+---------+---------+-------+---------
           D:1 |       0 |       8 |   0.0 |       0 |       4 |   0.0 |    94
               +---------+---------+-------+---------+---------+-------+---------
